 Dungeon Crawl Stone Soup version 0.24.0-13-gcf9b319 (webtiles) character file.

Game seed: 6111191562480873193, levelgen mode: deterministic

1309 Balder the Slasher (level 8, -5/54 HPs)
             Began as a Halfling Fighter on Mar 18, 2020.
             Slain by an orc warrior
             ... wielding a +1 flail of crushing
              (13 damage)
             ... on level 5 of the Dungeon.
             The game lasted 00:17:34 (5074 turns).

Balder the Slasher (Halfling Fighter)               Turns: 5074, Time: 00:17:35

Health: -5/54      AC: 15    Str: 18    XL:     8   Next: 88%
Magic:  8/8        EV:  7    Int:  6    God:
Gold:   283        SH: 10    Dex: 15    Spells: 7/7 levels left

rFire    + . .     SeeInvis .   a - +1 long sword
rCold    + . .     Gourm    .   c - +0 shield
rNeg     . . .     Faith    .   q - +0 plate armour
rPois    +         Spirit   .   w - +0 helmet
rElec    +         Reflect  .   e - +0 cloak
rCorr    +         Harm     .   t - +0 pair of gloves
MR       .....                  (no boots)
Stlth    ..........             (no amulet)
HPRegen  0.18/turn              b - ring of resist corrosion
MPRegen  0.11/turn              (no ring)

@: lethally poisoned (-5 -> -6), resistant
A: small, mutation resistance 1
a: no special abilities


You were on level 5 of the Dungeon.
You were not hungry.

You visited 1 branch of the dungeon, and saw 5 of its levels.

You collected 283 gold pieces.

Inventory:

Hand Weapons
 a - a +1 long sword (weapon)
 k - a +2 hand axe of draining
 v - a +0 hunting sling
Missiles
 o - 18 poisoned darts (quivered)
Armour
 c - a +0 shield (worn)
 e - a +0 cloak (worn)
 q - a +0 plate armour (worn)
 t - a +0 pair of gloves (worn)
 w - a +0 helmet (worn)
Jewellery
 b - a ring of resist corrosion (left hand)
Wands
 g - a wand of digging (4)
 i - a wand of flame (25)
Scrolls
 d - a scroll of fog
 h - a scroll of fear
 l - 2 scrolls of remove curse
 m - a scroll of enchant weapon
Potions
 r - a potion of curing {unknown}
Comestibles
 f - 10 rations
 j - a chunk of flesh


   Skills:
 * Level 4.4 Fighting
 * Level 5.9 Long Blades
 * Level 3.3(3.6) Slings
 + Level 1.1(1.9) Throwing
 * Level 5.0 Armour
 * Level 3.0 Dodging
 * Level 3.3 Stealth
 * Level 5.5 Shields


You had 7 spell levels left.
You didn't know any spells.
Your spell library was empty.

Dungeon Overview and Level Annotations

Branches:
Dungeon (5/15)
 Temple: D:4-7

Altars:
Dithmenos
Elyvilon
Ru
Yredelemnul


Innate Abilities, Weirdness & Mutations

You are small and have problems with some larger weapons.
You are somewhat resistant to further mutation.


Message History

You hit the orc warrior but do no damage.
The orc warrior is moderately wounded.
You block the orc warrior's attack.
You closely miss the orc warrior.
The orc warrior is moderately wounded.
You feel sick. You block the orc warrior's attack.
Your plate armour prevents you from hitting the orc warrior.
The orc warrior is moderately wounded.
The orc warrior barely misses you.
You riposte.
You barely miss the orc warrior.
The orc warrior is moderately wounded.
It was a potion of resistance.
You feel protected.
The orc warrior hits you with a +1 flail of crushing.
* * * LOW HITPOINT WARNING * * *
x2 You completely miss the orc warrior.
The orc warrior is moderately wounded.
You feel sick.
The orc warrior hits you with a +1 flail of crushing!
You die...

####.......##..##.###...###.##.#.
#.......###.##................
#.......###.##.##############.
##.............# ##
#.....#####.### #.....# #.## #...
####### #[.# #.... ##.# [....
#@#.$.... #o#...... #s#......
#Y'Y..... #†'...... #%#......
#÷#[..... #.#...... #.# .....


You could see an orc warrior, an ice beast and a scorpion.

Vanquished Creatures
  Prince Ribbit (D:5)
  Sigmund (D:4)
  A black bear (D:5)
  An ogre (D:4)
  2 phantoms
  A bullfrog (D:3)
  A scorpion (D:4)
  A howler monkey (D:4)
  A centaur zombie (D:5)
  A bullfrog skeleton (D:4)
  An orc priest (D:4)
  A gnoll shaman (D:3)
  A worker ant (D:4)
  11 gnolls
  A howler monkey skeleton (D:4)
  12 adders
  An adder skeleton (D:4)
  A dart slug (D:2)
  3 worms
  2 leopard geckos
  5 orcs
  2 ball pythons (D:5)
  7 bats
  4 giant cockroaches
  7 goblins
  6 hobgoblins
  4 jackals (D:5)
  3 quokkas
  9 frilled lizards
  8 kobolds
  14 rats
114 creatures vanquished.

Notes
Turn   | Place    | Note
-------+----------+-------------------------------------------
     0 | D:1      | Balder the Halfling Fighter began the quest for the Orb.
     0 | D:1      | Reached XP level 1. HP: 15/15 MP: 1/1
   166 | D:1      | Reached XP level 2. HP: 20/20 MP: 2/2
   415 | D:1      | Reached XP level 3. HP: 21/25 MP: 3/3
  1126 | D:2      | Reached XP level 4. HP: 30/31 MP: 4/4
  1545 | D:2      | Found a shadowy altar of Dithmenos.
  1937 | D:3      | Found a basalt altar of Yredelemnul.
  2192 | D:3      | Reached skill level 1 in Stealth
  2209 | D:3      | Reached XP level 5. HP: 17/36 MP: 5/5
  2211 | D:3      | Reached skill level 1 in Dodging
  2397 | D:3      | Noticed a bullfrog
  2409 | D:3      | Killed a bullfrog
  2418 | D:3      | Reached XP level 6. HP: 40/42 MP: 6/6
  2604 | D:3      | Found a sacrificial altar of Ru.
  3042 | D:4      | Noticed a phantom
  3067 | D:3      | Reached skill level 1 in Slings
  3269 | D:4      | Killed a phantom
  3407 | D:4      | Reached XP level 7. HP: 36/46 MP: 7/7
  3599 | D:4      | Reached skill level 5 in Shields
  3959 | D:4      | Noticed Sigmund
  3976 | D:4      | Killed Sigmund
  3976 | D:4      | Reached skill level 5 in Long Blades
  3976 | D:4      | Reached XP level 8. HP: 8/54 MP: 8/8
  4351 | D:4      | Found a white marble altar of Elyvilon.
  4550 | D:5      | Entered Level 5 of the Dungeon
  4743 | D:5      | Noticed Prince Ribbit
  4780 | D:5      | Killed Prince Ribbit
  4780 | D:5      | Reached skill level 1 in Throwing
  5032 | D:5      | Reached skill level 5 in Armour
  5074 | D:5      | Slain by an orc warrior

Levels and vault maps discovered:
D:1:      scummos_arrival_simple_fountains, layout_loops_cross
D:2:      layout_basic, grunt_dithmenos_smoke_and_mirrors
D:3:      minmay_octagon_keep, layout_basic, marbit_many_paths,
          nicolae_overflow_crystal_walls, first_ration
D:4:      minmay_chambers_of_twos, layout_rooms, kennysheep_mini,
          minmay_close_crescents, uniq_sigmund
D:5:      kennysheep_big_flooded_room, layout_basic, uniq_prince_ribbit1

Skill      XL: |  1  2  3  4  5  6  7  8 |
---------------+-------------------------+-----
Fighting       | 3 4 |  4.4
Long Blades    | 3 4 5 |  5.9
Stealth        | 1 2 3 |  3.3
Shields        | 4 5 |  5.5
Dodging        | 1 2 3 |  3.0
Armour         | 4 5 |  5.0
Slings         | 1 2 3 |  3.3
Throwing       | 1 |  1.1

Action                   |  1- 3 |  4- 6 |  7- 9 || total
-------------------------+-------+-------+-------++-------
Melee: Long sword        |    94 |   213 |   184 ||   491
Throw: Dart              |     2 |    17 |     7 ||    26
Evoke: Wand              |       |       |     1 ||     1
  Use: Scroll            |       |     4 |     1 ||     5
       Potion            |       |       |     6 ||     6
 Stab: Invisible         |       |       |     1 ||     1
  Eat: Chunk             |     1 |     8 |     2 ||    11
       Ration            |       |       |     1 ||     1
Armor: Scale mail        |    19 |       |       ||    19
       Chain mail        |    16 |       |       ||    16
       Plate armour      |     5 |   125 |    96 ||   226
Dodge: Dodged            |    26 |    51 |    53 ||   130
Block: Shield            |    40 |   111 |   107 ||   258
       Rpst.: Long sword |     6 |    17 |    16 ||    39
